 Dungeon Crawl Stone Soup version 0.23.2-33-g5129a83184 (webtiles) character file.

Game seed: 9889074314106608659

102 Trad the Covered (level 4, -2/40 HPs)
             Began as a Minotaur Fighter on July 6, 2019.
             Killed by divine providence
             ... invoked by an orc priest
              (16 damage)
             ... on level 2 of the Dungeon.
             The game lasted 00:10:00 (1738 turns).

Trad the Covered (Minotaur Fighter)                 Turns: 1738, Time: 00:10:00

Health: -2/40      AC: 12    Str: 22    XL:     4   Next: 50%
Magic:  3/3        EV:  4    Int:  5    God:
Gold:   141        SH:  9    Dex:  9    Spells: 3/3 levels left

rFire    . . .     SeeInvis .   a - +0 war axe
rCold    . . .     Gourm    .   c - +0 shield
rNeg     . . .     Faith    .   n - +0 plate armour
rPois    .         Spirit   .   (helmet restricted)
rElec    .         Reflect  .   (no cloak)
rCorr    .         Harm     .   (no gloves)
MR       .....                  (no boots)
Stlth    ..........             (no amulet)
HPRegen  0.13/turn              (no ring)
MPRegen  0.08/turn              (no ring)

@: no status effects
A: retaliatory headbutt, horns 2
a: no special abilities


You were on level 2 of the Dungeon.
You were not hungry.

You visited 1 branch of the dungeon, and saw 3 of its levels.

You collected 141 gold pieces.

Inventory:

Hand Weapons
 a - a +0 war axe (weapon)
 e - a +0 war axe
 h - a +0 hunting sling
 i - a +0 whip
 j - a +0 spear
 k - a +0 short sword
 m - a +0 club
 r - a +0 short sword
 s - a +0 mace
 B - a +0 long sword
Armour
 b - a +0 scale mail
 c - a +0 shield (worn)
 n - a +0 plate armour (worn)
 o - a +0 robe
 p - a +0 plate armour
 x - a +0 leather armour
 D - a +0 scale mail
Scrolls
 g - 2 scrolls of remove curse {unknown}
 q - a scroll of fog {unknown}
 t - a scroll of random uselessness {unknown}
 u - 4 scrolls of identify {unknown}
 v - a scroll of magic mapping {unknown}
 w - a scroll of enchant weapon {unknown}
 y - a scroll of noise {unknown}
 A - a scroll of teleportation {unknown}
Potions
 d - 4 potions of might
 l - a potion of haste {unknown}
 z - a potion of cancellation {unknown}
Comestibles
 f - 4 rations
 C - 4 chunks of flesh


   Skills:
 + Level 4.2 Fighting
 + Level 3.7 Axes
 + Level 4.5 Armour
 + Level 0.2 Dodging
 + Level 0.3 Stealth
 + Level 4.3 Shields


You had 3 spell levels left.
You didn't know any spells.
Your spell library was empty.

Dungeon Overview and Level Annotations

Branches:
Dungeon (3/15)

Altars:


Innate Abilities, Weirdness & Mutations

You reflexively headbutt those who attack you in melee.
You have a pair of horns on your head.


Message History

You kill the jackal!
You block the jackal's attack.
The orc priest invokes the aid of Beogh against you.
Beogh smites you! You block the jackal's attack.
You see here a jackal corpse.
Your shield prevents you from hitting the jackal.
Your headbutt misses the jackal.
The jackal is moderately wounded.
You block the jackal's attack.
The jackal bites you but does no damage.
You completely miss the jackal. Your headbutt misses the jackal.
The jackal is moderately wounded.
The jackal bites you but does no damage.
The jackal barely misses you.
You slash the jackal!
You kill the jackal!
The orc priest mumbles some strange prayers to Beogh against you.
Beogh smites you!
You die...

#.# #.# #.# #. #.# #.# #.# ###.
#.# #.# #.# #.÷. #.###.# #.#
##.## #..##.# #.#####<.##
##.##.### #..........
####.##.#.## #######.###
#........#.######### #.#
#.##...........@†o.# #.#
#.##..##.#.#######÷# #.#
#.##..###.## #.#########.#
#.##..# ### #...........#
#.##..# ####.######## #.##..#
#.# #.##..######### #)#
#.............# #.# ####
####.########.#######.#######...


You could see an orc priest.

Vanquished Creatures
  3 adders (D:2)
  An ooze (D:1)
  2 dart slugs
  2 leopard geckos (D:2)
  3 orcs
  5 goblins
  9 hobgoblins
  12 jackals
  10 kobolds
  A ball python (D:2)
  3 bats
  A frilled lizard (D:2)
  3 rats (D:2)
55 creatures vanquished.

Notes
Turn   | Place    | Note
-------+----------+-------------------------------------------
     0 | D:1      | Trad the Minotaur Fighter began the quest for the Orb.
     0 | D:1      | Reached XP level 1. HP: 19/19 MP: 0/0
    22 | D:1      | Reached XP level 2. HP: 26/27 MP: 1/1
   578 | D:2      | Reached XP level 3. HP: 33/33 MP: 2/2
  1073 | D:2      | Reached XP level 4. HP: 40/40 MP: 3/3
  1469 | D:3      | Found a faded altar of an unknown god.
  1738 | D:2      | Killed from afar by an orc priest

Skill      XL: |  1  2  3 |
---------------+----------+-----
Fighting       | 4 |  4.2
Shields        | 4 |  4.3
Armour         | 4 |  4.5
Axes           | 3 |  3.7
Dodging        | |  0.2
Stealth        | |  0.3

Action                   |  1- 3 |  4- 6 || total
-------------------------+-------+-------++-------
Melee: War axe           |    76 |    42 ||   118
       Headbutt          |    11 |     4 ||    15
  Use: Scroll            |       |     1 ||     1
  Eat: Chunk             |     1 |     2 ||     3
Armor: Scale mail        |    28 |       ||    28
       Plate armour      |    32 |    51 ||    83
Dodge: Dodged            |    19 |    15 ||    34
Block: Shield            |    35 |    34 ||    69
